 Dungeon Crawl Stone Soup version 0.28.0 (webtiles) character file.

Game seed: 13803302037250437144

49 browni3141 the Chopper (level 3, 0/33 HPs)
             Began as a Minotaur Berserker on Feb 16, 2022.
             Was a Follower of Trog.
             Succumbed to an adder's poison
             ... on level 2 of the Dungeon.
             The game lasted 00:00:30 (1161 turns).

browni3141 the Chopper (Minotaur Berserker)         Turns: 1161, Time: 00:00:30

Health: 0/33       AC:  2    Str: 23    XL:     3   Next: 51%
Magic:  2/2        EV: 12    Int:  4    God:    Trog [*.....]
Gold:   38         SH:  0    Dex:  9    Spells: 2/2 levels left

rFire   . . .      SeeInvis .   a - +0 hand axe
rCold   . . .      Faith    .   (no shield)
rNeg    . . .      Spirit   .   b - +0 animal skin
rPois   .          Reflect  .   (helmet restricted)
rElec   .          Harm     .   (no cloak)
rCorr   .          Rampage  .   (no gloves)
Will    .....                   (no boots)
Stlth   +.........              (no amulet)
HPRegen 0.11/turn               (no ring)
MPRegen 0.08/turn               (no ring)

@: lethally poisoned (0 -> -8)
A: horns 2, retaliatory headbutt
a: Renounce Religion, Berserk


You were on level 2 of the Dungeon.
You worshipped Trog.
Trog was aware of your devotion.
You visited 1 branch of the dungeon, and saw 2 of its levels.

You collected 38 gold pieces.

Inventory:

Hand Weapons
 a - a +0 hand axe (weapon)
Armour
 b - a +0 animal skin (worn)
Scrolls
 c - a scroll of identify {unknown}
 d - a scroll of enchant weapon {unknown}
Potions
 e - a potion of lignification {unknown}
 f - 2 potions of curing {unknown}


   Skills:
 + Level 4.1 Fighting
 * Level 4.7 Axes
 + Level 3.2 Armour
 - Level 2.1 Dodging


You had 2 spell levels left.
You didn't know any spells.
Your spell library was empty.

Dungeon Overview and Level Annotations

Branches:
Dungeon (2/15)

Altars:

Shops:
D:1 ?


Innate Abilities, Weirdness & Mutations

You have a pair of horns on your head.
You reflexively headbutt those who attack you in melee.


Message History

Trog accepts your kill.
You barely miss the adder. The jackal barely misses you.
You furiously retaliate!
You headbutt the jackal!
You kill the jackal!
Trog accepts your kill. The kobold closely misses you. The adder bites you.
You are poisoned.
The adder poisons you!
There are monsters nearby!
You closely miss the kobold.
The kobold is severely wounded.
You closely miss the adder. x2; You feel sick.
The kobold barely misses you. You furiously retaliate!
You headbutt the kobold, but do no damage.
The adder closely misses you. The adder bites you.
You are more poisoned.
The adder poisons you!
You miss the adder. You hit the kobold.
You kill the kobold!
Trog accepts your kill.
You barely miss the adder.
You feel sick. The adder bites you.
You are lethally poisoned!
The adder poisons you! The adder closely misses you. The adder bites you.
You miss the adder. You headbutt the adder.
The adder is heavily wounded.
You closely miss the adder.
* * * LOW HITPOINT WARNING * * *
You feel very sick. The adder closely misses you. The adder bites you.
* * * LOW HITPOINT WARNING * * *
The adder barely misses you.
You slash the adder!
You kill the adder!
Trog accepts your kill.
You hit the adder.
* * * LOW HITPOINT WARNING * * *
You feel very sick. The adder barely misses you. The adder misses you.
You are too injured to fight recklessly!
You die...

#.##.......##
#...........#
####........##
######.#.#.....
#..............
#.####...##.##.
#.†.# #
#...##.###.
#.)@S......
#...##.###.
....<.. ..
####..... ...
##.##.. .. #..
... . ## .##. #
.#


You could see an adder.

Vanquished Creatures
  An adder (D:2)
  A dart slug (D:2)
  5 ball pythons (D:1)
  5 bats (D:1)
  2 endoplasms (D:1)
  3 giant cockroaches
  3 goblins (D:1)
  2 hobgoblins (D:1)
  4 jackals (D:2)
  A quokka (D:1)
  A frilled lizard (D:1)
  A kobold (D:2)
  3 rats (D:1)
32 creatures vanquished.

Notes
Turn   | Place    | Note
-------+----------+-------------------------------------------
     0 | D:1      | browni3141 the Minotaur Berserker began the quest for the
                  | Orb.
     0 | D:1      | Reached XP level 1. HP: 19/19 MP: 0/0
   277 | D:1      | Reached XP level 2. HP: 26/27 MP: 1/1
   326 | D:1      | Found a faded altar of an unknown god.
   934 | D:1      | Found Someizy's Magic Scroll Boutique.
   993 | D:1      | Reached XP level 3. HP: 33/33 MP: 2/2
  1161 | D:2      | Succumbed to an adder's poison

Illustrated notes

Levels and vault maps discovered:
D:1:      scummos_arrival_simple_fountains, layout_basic,
          shapermc_ecumenical_altar_pompeii, serial_shops, shop,
          grunt_decor_one_mirror, minmay_misc_feat_roman, amethyst_killhole,
          bh_walls_and_bars
D:2:      layout_loops_ring, basic_altar, serial_shops,
          nicolae_shop_bloodbath_and_beyond, grunt_decor_mini_mirrors,
          minivault_14, minmay_close_crescents, uniq_jessica, uniq_natasha

Skill      XL: |  1  2 |
---------------+-------+-----
Axes           | 4 |  4.7
Fighting       | 4 |  4.1
Armour         | 3 |  3.2
Dodging        | |  2.1

Action                   || total
-------------------------++-------
Melee: Hand axe          ||    52
       Headbutt          ||     9
 Stab: Sleeping          ||     2
Armor: Animal skin       ||    12
Dodge: Dodged            ||    48
